 Dungeon Crawl Stone Soup version 0.30-a0-782-ge64f9170bb (webtiles) character file.

Game seed: 9635323878607466719

1775 DramaSushi the Chopper (level 8, -2/68 HPs)
             Began as a Black Draconian Artificer on Feb 19, 2023.
             Killed from afar by a steam dragon (4 damage)
             ... with a ball of steam
             ... on level 6 of the Dungeon.
             The game lasted 00:29:20 (4451 turns).

DramaSushi the Chopper (Black Draconian Artificer)  Turns: 4451, Time: 00:29:20

Health: -2/68      AC:  7    Str: 18    XL:     8   Next: 80%
Magic:  8/8        EV: 18    Int: 11    God:
Gold:   313        SH:  0    Dex: 11    Spells: 7/7 levels left

rFire   x . .      SeeInvis .    w - +2 war axe (freeze)
rCold   + . .      Faith    .    (no shield)
rNeg    . . .      Spirit   .    (body armour unavailable)
rPois   .          Reflect  .    (helmet restricted)
rElec   +          Harm     .    (no cloak)
rCorr   .          Rampage  .    (no gloves)
Will    .....                    x - +0 pair of boots
Stlth   ++                       E - amulet of regeneration
HPRegen 1.11/turn                j - ring of ice
MPRegen 0.11/turn                A - +5 ring of evasion

@: no status effects
A: breathe lightning, AC +6, unfitting armour, electricity resistance,
cold-blooded
a: Breathe Lightning


You were on level 6 of the Dungeon.
You visited 1 branch of the dungeon, and saw 6 of its levels.

You collected 313 gold pieces.

Inventory:

Hand Weapons
 a - a +0 club
 g - a +0 whip
 i - a +0 dagger
 l - a +0 spear
 q - a +0 club
 s - a +0 spear
 v - a +0 hand axe
 w - a +2 war axe of freezing (weapon)
 F - a +0 falchion
 L - a +0 long sword
Missiles
 h - 40 stones
Armour
 e - a +1 robe
 o - +0 fire dragon scales
 r - a +0 robe
 u - a +0 ring mail
 x - a +0 pair of boots (worn)
 D - a +0 ring mail
 J - a +0 helmet
 K - a +0 leather armour
 M - a +0 pair of boots
 P - a +0 helmet
Magical Staves
 m - a staff of fire
Jewellery
 j - a ring of ice (left hand)
 A - a +5 ring of evasion (right hand)
 E - an amulet of regeneration (around neck)
 O - a ring of fire
Wands
 b - a wand of flame (11) (quivered)
 c - a wand of charming (15)
 d - a wand of iceblast (5)
Scrolls
 f - a scroll of noise {unknown}
 k - a scroll of blinking
 y - a scroll of enchant weapon {unknown}
 z - 2 scrolls of enchant armour
 C - a scroll of amnesia {unknown}
 G - a scroll of fear {unknown}
 H - 5 scrolls of identify
 I - a scroll of teleportation {unknown}
 R - a scroll of magic mapping {unknown}
 U - a scroll of vulnerability
Potions
 n - 2 potions of curing
 p - 2 potions of mutation {unknown}
 t - 2 potions of haste {unknown}
 B - a potion of flight {unknown}
 N - a potion of might {unknown}
 Q - a potion of ambrosia {unknown}
 S - a potion of heal wounds {unknown}
 T - a potion of invisibility {unknown}


   Skills:
 + Level 5.3 Fighting
 + Level 7.1(7.2) Axes
 + Level 1.7(4.9) Maces & Flails
 + Level 0.8(1.4) Staves
 + Level 5.2 Dodging
 + Level 3.5 Stealth
 + Level 3.9 Evocations


You had 7 spell levels left.
You didn't know any spells.
Your spell library contained the following spells:

 Spells                   Type           Power      Damage    Failure   Level
 Magic Dart               Conj           0%         1d3       34%         1
 Shock                    Conj/Air       0%         1d3       34%         1
 Blink                    Tloc           0%         N/A       47%         2
 Cigotuvi's Dreadful Rot  Necr/Pois/Air  0%         N/A       47%         2
 Ensorcelled Hibernation  Hex/Ice        0%         N/A       47%         2
 Lesser Beckoning         Tloc           0%         N/A       47%         2
 Momentum Strike          Conj/Tloc      0%         3d8       47%         2
 Poisonous Vapours        Pois/Air       0%         N/A       47%         2
 Searing Ray              Conj           0%         2d4       47%         2
 Dazzling Flash           Conj/Hex       0%         N/A       71%         3
 Gell's Gravitas          Tloc           0%         N/A       71%         3
 Mephitic Cloud           Conj/Pois/Air  0%         N/A       71%         3
 Spider Form              Tmut/Pois      0%         N/A       71%         3
 Swiftness                Air            0%         N/A       71%         3
 Teleport Other           Tloc           0%         N/A       71%         3
 Airstrike                Air            0%         2d(0-16)  98%         4
 Anguish                  Hex/Necr       0%         N/A       98%         4
 Fulminant Prism          Conj/Hex       0%         3d5       98%         4
 Iskenderun's Mystic Bla  Conj/Tloc      0%         2d3       98%         4
 Dispersal                Tloc           0%         N/A       100%        6
 Starburst                Conj/Fire      0%         6d3       100%        6


Dungeon Overview and Level Annotations

Branches:
Dungeon (6/15)
 Temple: D:4-7

Altars:
Elyvilon
Gozag
Hepliaklqana
Zin

Shops:
D:2 (   D:3 (?


Innate Abilities, Weirdness & Mutations

You can breathe wild blasts of lightning.
Your glossy black scales are hard. (AC +6)
You cannot fit into any form of body armour.
You are resistant to electric shocks. (rElec)
You are cold-blooded and may be slowed by cold attacks.


Message History

The steam dragon claws you.
You hit the steam dragon but do no damage.
The steam dragon barely misses you. The steam dragon misses you.
You slash the steam dragon! You freeze the steam dragon.
You tail-slap the steam dragon.
The steam dragon is heavily wounded.
The steam dragon breathes steam at you. The ball of steam misses you.
You hit the steam dragon but do no damage.
The steam dragon is heavily wounded.
You are engulfed in a cloud of scalding steam.
The steam dragon closely misses you. The steam dragon barely misses you.
You barely miss the steam dragon.
The steam dragon is heavily wounded.
You are engulfed in a cloud of scalding steam.
* * * LOW HITPOINT WARNING * * *
The steam dragon completely misses you. The steam dragon closely misses you.
You slash the steam dragon! You freeze the steam dragon.
You tail-slap the steam dragon, but do no damage.
The steam dragon is almost dead.
You are engulfed in a cloud of scalding steam.
* * * LOW HITPOINT WARNING * * *
The steam dragon bites you.
* * * LOW HITPOINT WARNING * * *
The steam dragon misses you.
You barely miss the steam dragon.
The steam dragon is almost dead.
You are engulfed in a cloud of scalding steam.
* * * LOW HITPOINT WARNING * * *
The steam dragon barely misses you. The steam dragon claws you.
* * * LOW HITPOINT WARNING * * *
The steam dragon closely misses you.
The steam dragon claws you but does no damage.
Activating: Breathe Lightning (4% risk of failure)
Press: ? - help, Dir - look around, f - activate Look: a steam dragon (almost dead)
You fail to use your ability.
The steam dragon breathes steam at you. The ball of steam hits you.
The steam scalds you terribly!
You die...

.# #...)..# .# #....).# .#
#####'#### .# #........# .#
#........# ## #........#
#### #######.#### ...#
##...###.# ##.# ##....@##.#
#.# ######.....D)#§# ##.#
#....#..._.....# .#.#
#....#.......### .#.#
#....##.....### .#.#
#..†..##...##.# .#.#
#......#### #.##############
.#.# #######...#
#............... .#.#
###.....#.##################


You could see a steam dragon (catching breath).

Vanquished Creatures
  3 yaks (D:6)
  A sky beast (D:6)
  A black bear (D:5)
  2 ice beasts (D:6)
  2 centaurs
  A necrophage (D:6)
  A scorpion (D:6)
  A howler monkey (D:6)
  3 jellies
  2 orc priests (D:5)
  A gnoll bouda (D:5)
  3 hounds
  2 iguanas (D:5)
  4 orc wizards
  10 gnolls
  5 adders
  A shadow imp (D:6)
  A white imp (D:6)
  An ufetubus (D:6)
  3 worms
  3 dart slugs
  12 orcs
  3 ball pythons
  2 bats (D:1)
  7 endoplasms
  2 giant cockroaches
  A goblin (D:2)
  4 hobgoblins
  11 kobolds
  4 quokkas
  2 frilled lizards
  5 rats
104 creatures vanquished.

Vanquished Creatures (others)
  An orc wizard (D:5)
  An orc (D:6)
  A plant (D:3)
3 creatures vanquished.

Grand Total: 107 creatures vanquished

Notes
Turn   | Place    | Note
-------+----------+-------------------------------------------
     0 | D:1      | DramaSushi the Draconian Artificer began the quest for the
                  | Orb.
     0 | D:1      | Reached XP level 1. HP: 16/16 MP: 1/1
   260 | D:1      | Reached XP level 2. HP: 18/23 MP: 2/2
   430 | D:2      | HP: 1/23 [hound (5)]
   432 | D:2      | Reached XP level 3. HP: 1/28 MP: 3/3
   575 | D:2      | Found Kesohux's Weapon Boutique.
   771 | D:3      | Found a hazy altar of Hepliaklqana.
   860 | D:3      | Reached XP level 4. HP: 33/36 MP: 4/4
   942 | D:3      | Reached skill level 1 in Maces & Flails
   962 | D:3      | Found a glowing silver altar of Zin.
  1084 | D:3      | Found Maok's Magic Scroll Shoppe.
  1112 | D:3      | Found Sathromm's Weapon Shop.
  1975 | D:4      | Reached XP level 5. HP: 36/41 MP: 5/5
  2107 | D:4      | Reached skill level 1 in Stealth
  2383 | D:5      | Entered Level 5 of the Dungeon
  2388 | D:5      | Reached skill level 1 in Axes
  2519 | D:5      | Reached XP level 6. HP: 50/50 MP: 6/6
  2539 | D:5      | Reached skill level 2 in Axes
  2655 | D:5      | Reached skill level 3 in Axes
  2913 | D:5      | Found a white marble altar of Elyvilon.
  2931 | D:5      | Your scales start taking on a glossy black colour.
  2931 | D:5      | Reached XP level 7. HP: 47/57 MP: 7/7
  2931 | D:5      | Gained mutation: You are resistant to electric shocks.
                  | (rElec) [Black Draconian growth]
  2995 | D:5      | Reached skill level 4 in Axes
  3523 | D:6      | Reached skill level 5 in Axes
  3551 | D:6      | Reached XP level 8. HP: 59/66 MP: 8/8
  3932 | D:6      | Reached skill level 6 in Axes
  3932 | D:6      | Reached skill level 5 in Dodging
  3943 | D:6      | Reached skill level 5 in Fighting
  4053 | D:6      | Reached skill level 7 in Axes
  4438 | D:6      | Found an opulent altar of Gozag.
  4450 | D:6      | HP: 3/68 [steam dragon] (8)]
  4450 | D:6      | HP: 1/68 [steam dragon (3)]
  4451 | D:6      | Killed from afar by a steam dragon

Illustrated notes

Levels and vault maps discovered:
D:1:      dpeg_arrival_yet_another_circle, layout_rooms,
          minmay_misc_feat_columns, minivault_11
D:2:      kennysheep_the_goblin_king, layout_basic, serial_shops,
          nicolae_shop_bloodbath_and_beyond, nicolae_ecumenical_oubliette,
          kennysheep_generic_room_7
D:3:      layout_rooms, mainiacjoe_overflow_surrounded_room,
          nicolae_hepliaklqana_hazy_memory, serial_shops, shop_statue, shop,
          serial_bayou, serial_bayou_pond_e, serial_bayou_ford_a,
          serial_bayou_pond_d, serial_bayou_pond_c, wad_floor_pattern_untrapped,
          hex_medium, minmay_puff
D:4:      layout_basic, amcnicky_mini_corridor_feature, serial_bayou_crossing
D:5:      layout_cave_pods, nicolae_elyvilon_peaceful_grove
D:6:      layout_basic, lemuel_round_altar, minmay_unpleasant_kobolds

Skill      XL: |  1  2  3  4  5  6  7  8 |
---------------+-------------------------+-----
Dodging        | 3 4 5 |  5.2
Maces & Flails | 1 |  1.7
Fighting       | 2 3 4 5 |  5.3
Stealth        | 1 2 3 |  3.5
Axes           | 1 3 5 7 |  7.1
Staves         | |  0.8
Evocations     | |  3.9

Action                     |  1- 3 |  4- 6 |  7- 9 || total
---------------------------+-------+-------+-------++-------
  Melee: Whip              |    89 |       |       ||    89
         Club              |     8 |       |       ||     8
         Tailslap          |    14 |    14 |    21 ||    49
         Punch             |     2 |     1 |       ||     3
         Staff             |    41 |    41 |       ||    82
         War axe           |       |   112 |   148 ||   260
Ability: Breathe Lightning |       |       |     2 ||     2
  Evoke: Wand              |     2 |       |     2 ||     4
    Use: Scroll            |     5 |     1 |       ||     6
   Stab: Sleeping          |       |     1 |     5 ||     6
 Armour: Skin              |    65 |    63 |    36 ||   164
  Dodge: Dodged            |   106 |   127 |   149 ||   382

Table legend: (Time is in decaauts)
 A = Elapsed time spent in this place.
 B = Non-inter-level travel time spent in this place.
 C = Inter-level travel time spent in this place.
 D = Time resting spent in this place.
 E = Time spent auto-exploring this place.
 F = Levels seen in this place.
 G = Mean time per level.
                   A        B        C        D        E       F      G
               +--------+--------+--------+--------+--------+-----+--------+
         Total |   4571 |   3263 |   1308 |     99 |   2020 |   6 |  761.8 |
       Dungeon |   4571 |   3263 |   1308 |     99 |   2020 |   6 |  761.8 |
               +--------+--------+--------+--------+--------+-----+--------+

Top non-repeatable levels by time:
     D:6: 1141 daAuts
     D:5: 984 daAuts
     D:4: 892 daAuts
     D:3: 771 daAuts
     D:1: 404 daAuts
     D:2: 376 daAuts
